 Dungeon Crawl Stone Soup version 0.30-a0-782-ge64f9170bb (webtiles) character file.

Game seed: 5116028121487431133

18020 MacCMillion the Marksspriggan (level 12, -6/64 HPs)
             Began as a Spriggan Hunter on Mar 2, 2023.
             Was an Elder of Dithmenos.
             Shot with an arrow by Nessos (11 damage)
             ... on level 3 of the Lair of Beasts.
             The game lasted 00:44:58 (17096 turns).

MacCMillion the Marksspriggan (Spriggan Hunter)    Turns: 17096, Time: 00:44:58

Health: -6/64      AC:  5    Str:  7    XL:     12   Next: 24%
Magic:  15/15      EV: 27    Int: 20    God:    Dithmenos [****..]
Gold:   840        SH:  0    Dex: 26    Spells: 11/11 levels left

rFire   . . .      SeeInvis +    O - +4 arbalest "Death Rattle" {freeze, Will- Int+9 Dex+3}
rCold   + . .      Faith    .    (shield currently unavailable)
rNeg    . . .      Spirit   .    M - +0 troll leather armour
rPois   +          Reflect  .    (helmet restricted)
rElec   .          Harm     .    g - +0 cloak
rCorr   .          Rampage  .    (gloves unavailable)
Will    +....                    (boots unavailable)
Stlth   +++++++                  D - amulet of regeneration
HPRegen 1.90/turn                s - ring of poison resistance
MPRegen 0.14/turn                K - ring of protection from cold

@: wreathed by umbra, very quick
A: very small, no large weapons, unfitting armour, see invisible, speed 3
a: Renounce Religion, Shadow Step


You were on level 3 of the Lair of Beasts.
You worshipped Dithmenos.
Dithmenos was greatly pleased with you.
You visited 3 branches of the dungeon, and saw 16 of its levels.
You also visited: Sewer and Ossuary.

You collected 840 gold pieces.

Inventory:

Hand Weapons
 a - a +1 shortbow
 G - a +0 arbalest
 O - the +4 arbalest "Death Rattle" (weapon) {freeze, Will- Int+9 Dex+3}
   (You acquired it on level 2 of the Lair of Beasts)

   Int:       It affects your intelligence (+9).
   Dex:       It affects your dexterity (+3).
   Will:      It decreases your willpower.
Missiles
 y - 2 throwing nets
Armour
 c - a +0 robe
 g - a +0 cloak (worn)
 M - a +0 troll leather armour (worn)
Jewellery
 s - a ring of poison resistance (left hand)
 u - a ring of wizardry
 w - an amulet of reflection
 D - an amulet of regeneration (around neck)
 E - an amulet of the acrobat
 F - a ring of protection from fire
 H - a ring of ice
 K - a ring of protection from cold (right hand)
 T - a ring of magical power
Wands
 v - a wand of acid (8)
 x - a wand of polymorph (3)
 N - a wand of flame (19)
 P - a wand of mindburst (6)
Scrolls
 b - 4 scrolls of immolation
 d - 2 scrolls of fog
 e - 10 scrolls of teleportation
 k - 4 scrolls of enchant armour
 m - 2 scrolls of magic mapping
 q - a scroll of brand weapon
 r - a scroll of fear
 B - a scroll of enchant weapon
 C - 2 scrolls of vulnerability
 J - a scroll of amnesia
 L - 2 scrolls of poison
 S - 3 scrolls of identify
Potions
 f - 3 potions of brilliance
 h - 6 potions of heal wounds
 i - 3 potions of resistance
 j - 3 potions of curing
 l - 5 potions of degeneration
 n - 2 potions of lignification {unknown}
 o - 2 potions of berserk rage
 p - 5 potions of attraction
 t - 3 potions of haste
 z - 3 potions of mutation {unknown}
 A - 5 potions of flight
 I - a potion of invisibility {unknown}
 Q - a potion of might {unknown}
 R - a potion of ambrosia {unknown}


   Skills:
 + Level 8.1 Fighting
 * Level 15.1 Ranged Weapons
 + Level 10.2 Dodging
 - Level 10.0 Stealth
 - Level 3.0 Invocations


You had 11 spell levels left.
You didn't know any spells.
Your spell library contained the following spells:

 Spells                   Type           Power      Damage    Failure   Level
 Sandblast                Erth           0%         2d4       28%         1
 Passwall                 Tmut/Erth      0%         N/A       41%         2
 Inner Flame              Hex/Fire       0%         N/A       65%         3
 Stone Arrow              Conj/Erth      0%         3d7       65%         3
 Animate Armour           Summ/Erth      0%         N/A       96%         4
 Cause Fear               Hex            0%         N/A       96%         4
 Passage of Golubria      Tloc           0%         N/A       96%         4
 Petrify                  Tmut/Erth      0%         N/A       96%         4
 Blade Hands              Tmut           0%         N/A       100%        5
 Freezing Cloud           Conj/Ice/Air   0%         6-21      100%        5
 Irradiate                Conj/Tmut      0%         3d11      100%        5
 Silence                  Hex/Air        0%         N/A       100%        5
 Simulacrum               Ice/Necr       0%         N/A       100%        6
 Statue Form              Tmut/Erth      0%         N/A       100%        6
 Discord                  Hex            0%         N/A       100%        8
 Lehudib's Crystal Spear  Conj/Erth      0%         10d2      100%        8
 Polar Vortex             Ice            0%         N/A       100%        9


Dungeon Overview and Level Annotations

Branches:
Dungeon (12/15)            Temple (1/1) D:4            Lair (3/5) D:11
  Swamp (0/4) Lair:2       Spider (0/4) Lair:3          Orc (0/2) D:11
  Sewer (visited)         Ossuary (visited)

Altars:
Ashenzari
Cheibriados
Dithmenos
Elyvilon
Fedhas
Gozag
Hepliaklqana
Kikubaaqudgha
Makhleb
Nemelex Xobeh
Okawaru
Qazlal
Ru
Sif Muna
Trog
Uskayaw
Vehumet
Wu Jian
Xom
Yredelemnul
Zin
The Shining One

Shops:
D:11 (

Annotations:
D:4 Blork the orc
D:8 exclusion: statue
D:9 exclusion: centaur, Erolcha
D:12 3 runed translucent doors, Bnni's ghost, journeyman FoVM
Lair:3 Nessos


Innate Abilities, Weirdness & Mutations

You are very small and have problems with some larger weapons.
You are too small for most types of armour.
You have supernaturally acute eyesight. (SInv)
You cover ground extremely quickly. (Speed+++)


Message History

You feel sick.
You feel sick.
A nearby fungus withers and dies.
You feel sick.
You feel sick.
Nessos shoots an arrow.
The arrow hits you!
* * * LOW HITPOINT WARNING * * *
The arrow burns you.
* * * LOW HITPOINT WARNING * * *
You feel much better.
You feel sick.
Nessos shoots an arrow.
The arrow closely misses you.
Nessos shoots an arrow.
The arrow completely misses you.
You feel sick.
You feel sick.
You feel sick.
Nessos casts a spell.
Nessos blinks!
Nessos unwields a +2 longbow of flaming.
It stops flaming.
Nessos hits you. Nessos completely misses you.
You feel sick.
Nessos wields a +2 longbow of flaming.
It bursts into flame!
Nessos shoots an arrow.
The arrow completely misses you.
Nessos shoots an arrow.
The arrow barely misses you.
You feel sick.
You are no longer poisoned.
Nessos casts a spell.
Nessos blinks!
Nessos shoots an arrow.
The arrow closely misses you.
Nessos shoots an arrow.
The arrow barely misses you.
Nessos gestures wildly while chanting.
Nessos blinks!
Nessos shoots an arrow.
The arrow closely misses you.
Nessos mumbles some strange words.
Nessos blinks!
Nessos shoots an arrow.
The arrow hits you. The arrow burns you.
Nessos shoots an arrow.
The arrow closely misses you.
Nessos pounds the earth with their hooves.
Nessos casts a spell.
Nessos blinks!
Nessos shoots an arrow.
The arrow hits you!!
* * * LOW HITPOINT WARNING * * *
The arrow burns you!
You die...

#...............#
##.............## #
#.............#####
##..#.............#...##
....#.............P....##
....#......§............#
....P...................##
....P................>...# ##.##
....P...........@<.....#####..P#
.......................# ##....##
.....§...........†.....# #......#
......................#####......
............c....#.......#.......
....##............#..............
.#P.##............###............
######............# #.##.......##
.# #............## #####.....###


You could see Nessos (fast).

Vanquished Creatures
  Erica (D:11)
  2 bog bodies (Lair:2)
  A manticore (D:12)
  A black mamba (Lair:1)
  7 cane toads
  2 komodo dragons
  A troll (D:10)
  8 blink frogs
  A jumping spider (Lair:3)
  A shadow (D:12)
  31 yaks
  Eustachio (D:6)
  4 vampire mosquitoes (D:11)
  A steam dragon (Lair:1)
  Menkaure (D:4)
  2 wargs (D:11)
  5 water moccasins
  3 ice beasts
  2 sky beasts
  8 orc warriors
  A black bear (D:5)
  3 wolves (Lair:1)
  An ogre (D:4)
  6 centaurs
  A kobold brigand (D:7)
  5 bullfrogs
  2 gnoll sergeants
  A necrophage (D:5)
  4 scorpions
  6 water moccasin zombies (Ossuary)
  7 killer bees
  An electric eel (Lair:3)
  5 howler monkeys
  4 hounds
  A gnoll bouda (D:4)
  4 jellies
  7 orc priests
  Terence (D:2)
  11 orc wizards
  3 mummies
  21 gnolls
  6 river rats (Sewer)
  14 adders
  4 adder zombies (Ossuary)
  3 worms
  2 dart slugs
  34 orcs
  8 ball pythons
  10 bats
  2 bat zombies (D:4)
  4 endoplasms
  7 giant cockroaches
  2 gnoll zombies (Ossuary)
  9 hobgoblins
  10 jackals
  2 quokkas (Sewer)
  11 frilled lizards
  10 goblins
  A goblin zombie (D:4)
  5 hobgoblin zombies
  18 kobolds
  7 kobold zombies (Ossuary)
  4 rats
  2 rat zombies (D:4)
  A butterfly (D:4)
354 creatures vanquished.

Vanquished Creatures (others)
  An orc wizard (D:9)
  11 fungi
  7 plants
19 creatures vanquished.

Grand Total: 373 creatures vanquished

Notes
Turn   | Place    | Note
-------+----------+-------------------------------------------
     0 | D:1      | MacCMillion the Spriggan Hunter began the quest for the
                  | Orb.
     0 | D:1      | Reached XP level 1. HP: 10/10 MP: 2/2
    90 | D:1      | Reached XP level 2. HP: 14/14 MP: 3/3
   723 | D:2      | Reached skill level 5 in Ranged Weapons
   724 | D:2      | Reached XP level 3. HP: 18/18 MP: 4/4
   868 | D:2      | Noticed Terence
   897 | D:2      | Killed Terence
   898 | D:2      | Reached XP level 4. HP: 22/22 MP: 5/5
  1293 | D:3      | Found a faded altar of an unknown god.
  1511 | D:3      | Reached skill level 6 in Ranged Weapons
  1614 | D:3      | Reached XP level 5. HP: 25/25 MP: 6/6
  2117 | D:4      | Noticed a sky beast
  2130 | D:3      | Killed a sky beast
  2131 | D:3      | Reached XP level 6. HP: 25/30 MP: 7/7
  2354 | D:4      | Found a sand-covered staircase.
  2374 | D:4      | Reached skill level 7 in Ranged Weapons
  2403 | Ossuary  | Entered an ossuary
  2611 | Ossuary  | Reached skill level 8 in Ranged Weapons
  2611 | Ossuary  | Reached XP level 7. HP: 16/33 MP: 8/8
  2956 | Ossuary  | Reached skill level 9 in Ranged Weapons
  3302 | D:4      | Reached XP level 8. HP: 34/37 MP: 9/9
  3385 | D:4      | Reached skill level 10 in Ranged Weapons
  3450 | D:4      | Noticed Menkaure
  3454 | D:4      | Killed Menkaure
  3521 | D:4      | Found a staircase to the Ecumenical Temple.
  3538 | Temple   | Entered the Ecumenical Temple
  3755 | Temple   | Became a worshipper of Dithmenos the Shadowed
  3797 | D:4      | Noticed Blork the orc
  4394 | D:4      | Found an ancient bone altar of Kikubaaqudgha.
  4495 | D:5      | Entered Level 5 of the Dungeon
  4607 | D:5      | Reached skill level 11 in Ranged Weapons
  4656 | D:5      | Identified the +7 spear "Duimm" {spect, rElec rPois rC-
                  | Dex+4}
  5459 | D:6      | Found a glowing drain.
  5461 | D:6      | Got the Octavo of Evolution
  5477 | Sewer    | Entered a sewer
  5484 | Sewer    | Reached * piety under Dithmenos
  5892 | Sewer    | Reached ** piety under Dithmenos
  6431 | D:6      | Noticed Eustachio
  6498 | D:6      | Reached XP level 9. HP: 46/46 MP: 10/10
  6624 | D:6      | Killed Eustachio
  6625 | D:6      | Reached skill level 5 in Fighting
  6673 | D:6      | Found a glowing silver altar of Zin.
  7017 | D:7      | Reached skill level 1 in Invocations
  7881 | D:7      | Found a glowing golden altar of the Shining One.
  8463 | D:8      | Reached *** piety under Dithmenos
  8502 | D:8      | Found a radiant altar of Vehumet.
  8604 | D:8      | Found a shimmering blue altar of Sif Muna.
  8924 | D:8      | Reached skill level 12 in Ranged Weapons
  8924 | D:8      | Reached skill level 5 in Dodging
  9074 | D:9      | Noticed Erolcha
  9084 | D:9      | Found a stormy altar of Qazlal.
  9226 | D:9      | Found a sparkling altar of Nemelex Xobeh.
  9307 | D:9      | Reached XP level 10. HP: 50/53 MP: 13/13
  9570 | D:8      | Reached skill level 5 in Stealth
  9856 | D:10     | Entered Level 10 of the Dungeon
  9877 | D:10     | Found a basalt altar of Yredelemnul.
 10949 | D:10     | Found a burning altar of Makhleb.
 11395 | D:11     | Found Lusya's Weapon Shop.
 11495 | D:11     | Reached skill level 13 in Ranged Weapons
 11624 | D:11     | Noticed Erica
 12274 | D:11     | Killed Erica
 12275 | D:11     | Reached XP level 11. HP: 58/58 MP: 14/14
 12699 | D:11     | Found a staircase to the Lair.
 13405 | D:11     | Reached **** piety under Dithmenos
 13860 | D:11     | Found a staircase to the Orcish Mines.
 13916 | D:12     | Noticed Bnni's ghost (journeyman FoVM)
 13916 | D:12     | Found a runed translucent gate.
 13916 | D:12     | Found a runed translucent gate.
 13916 | D:12     | Found a runed translucent gate.
 14025 | D:12     | Noticed a boulder beetle
 14025 | D:12     | Noticed a boulder beetle
 14133 | Lair:1   | Entered Level 1 of the Lair of Beasts
 14906 | Lair:1   | Reached skill level 14 in Ranged Weapons
 15517 | Lair:2   | Identified a scroll of acquirement
 15518 | Lair:2   | Acquired the +4 arbalest "Death Rattle" {freeze, Will-
                  | Int+9 Dex+3}
 15625 | Lair:2   | Reached skill level 10 in Stealth
 15791 | Lair:2   | Noticed a bog body
 15808 | Lair:2   | Noticed a bog body
 16125 | Lair:2   | Killed a bog body
 16144 | Lair:2   | Identified the +0 sling "Caosor" {flame, rPois Dex+3}
 16203 | Lair:2   | Killed a bog body
 16204 | Lair:2   | Reached XP level 12. HP: 64/64 MP: 15/15
 16683 | Lair:2   | Found a staircase to the Swamp.
 16807 | Lair:2   | Reached skill level 10 in Dodging
 16882 | Lair:3   | Reached skill level 15 in Ranged Weapons
 16902 | Lair:3   | Found a hole to the Spider Nest.
 17060 | Lair:3   | Noticed Nessos
 17078 | Lair:3   | HP: 3/64 [Nessos/arrow (4)]
 17096 | Lair:3   | Shot with an arrow by Nessos

Illustrated notes

Levels and vault maps discovered:
D:1:      mushboom_english_gardens, layout_basic
D:2:      layout_basic, chequers_serial_rivers_micro_d, uniq_terence
D:3:      minmay_razor_zed, layout_rooms, basic_ecumenical_altar,
          hangedman_decor_lopped, kennysheep_doodads
D:4:      minmay_door_path, layout_basic, lemuel_zombie_altar_kikubaaqudgha,
          minmay_temple_entry_butterflies, nicolae_ossuary_entry_giza,
          uniq_blork_the_orc, uniq_menkaure
D:5:      layout_basic, serial_corexii_hall, corexii_hall_statues_l,
          corexii_hall_statues_s
D:6:      layout_basic, zin_academy, portal_sewer_entry_a, uniq_eustachio
D:7:      layout_loops_ring, nicolae_overflow_crystal_walls
D:8:      layout_basic, nicolae_sif_muna_little_library, vehumet_statue
D:9:      layout_rooms, nemelex_spade_bored_becter,
          nicolae_qazlal_general_emergency, uniq_erolcha
D:10:     minmay_gate_of_8, layout_gridville, yredelemnul_altar_generic,
          lightli_temple_of_fire
D:11:     layout_loops_ring, erik_lair_orcish_takeover, david_orc_4,
          serial_shops, nicolae_take_the_stairs, serial_rivers,
          chequers_serial_rivers_small_a, chequers_serial_rivers_large_b,
          chequers_serial_rivers_micro_d, chequers_serial_rivers_room_b,
          uniq_erica
D:12:     kennysheep_snake, layout_gridville, gammafunk_ghost_necromancy,
          kb_rosetta
Temple:   nicolae_temple_figure_eight
Lair:1:   layout_hall_layers, chequers_serial_rivers_micro_b
Lair:2:   layout_chaotic_city, skrybe_swamp_entry_bodies
Lair:3:   statuecave_lemuel, layout_hall_layers, spider_nest_entry_a,
          grunt_megastairs_1, lemuel_fruit_tree, serial_bayou_shore_b,
          uniq_nessos

Skill      XL: |  1  2  3  4  5  6  7  8  9 10 11 12 |
---------------+-------------------------------------+-----
Ranged Weapons | 5 6 8 9 11 12 13 14 15 | 15.1
Stealth        | 3 4 7 10 | 10.0
Fighting       | 4 5 6 7 8 |  8.1
Dodging        | 5 7 9 10 | 10.2
Invocations    | 3 |  3.0

Action                     |  1- 3 |  4- 6 |  7- 9 | 10-12 || total
---------------------------+-------+-------+-------+-------++-------
   Fire: Shortbow          |    82 |   172 |   711 |   685 ||  1650
         Arbalest          |       |       |       |    94 ||    94
    Use: Scroll            |       |       |    12 |     9 ||    21
         Potion            |       |       |       |     3 ||     3
 Armour: Robe              |     4 |     6 |    19 |     2 ||    31
         Troll leather arm |       |       |       |    14 ||    14
  Dodge: Dodged            |    19 |    43 |   198 |   248 ||   508

Table legend: (Time is in decaauts)
 A = Elapsed time spent in this place.
 B = Non-inter-level travel time spent in this place.
 C = Inter-level travel time spent in this place.
 D = Time resting spent in this place.
 E = Time spent auto-exploring this place.
 F = Levels seen in this place.
 G = Mean time per level.
                   A        B        C        D        E       F      G
               +--------+--------+--------+--------+--------+-----+--------+
         Total |  12675 |  12158 |    517 |   3206 |   5102 |  18 |  704.2 |
       Dungeon |   9144 |   8668 |    476 |   2137 |   3702 |  12 |  762.0 |
        Temple |    150 |    133 |     17 |      0 |    127 |   1 |  150.0 |
          Lair |   2223 |   2199 |     24 |    785 |    854 |   3 |  741.0 |
         Sewer |    561 |    561 |      0 |      2 |    293 |   1 |  561.0 |
       Ossuary |    597 |    597 |      0 |    282 |    124 |   1 |  597.0 |
               +--------+--------+--------+--------+--------+-----+--------+

Top non-repeatable levels by time:
    D:11: 1834 daAuts
    D:10: 1377 daAuts
  Lair:1: 1056 daAuts
  Lair:2: 1005 daAuts
     D:8: 939 daAuts
     D:4: 910 daAuts
     D:3: 872 daAuts
     D:7: 780 daAuts
     D:6: 669 daAuts
 Ossuary: 597 daAuts
   Sewer: 561 daAuts
     D:5: 520 daAuts
     D:2: 463 daAuts
     D:1: 396 daAuts
     D:9: 263 daAuts
